 Dungeon Crawl Stone Soup version 0.19.3 (webtiles) character file.

523 ponk the Cudgeler (level 7, -2/66 HPs)
             Began as a Troll Berserker on Jan 23, 2017.
             Was a Priest of Trog.
             Slain by an iguana (8 damage)
             ... on level 4 of the Dungeon.
             The game lasted 00:08:49 (3088 turns).

ponk the Cudgeler (Troll Berserker)                 Turns: 3088, Time: 00:08:49

Health: -2/66      AC:  5    Str: 26    XL:     7   Next: 2%
Magic:  6/6        EV: 10    Int:  3    God:    Trog [***...]
Gold:   160        SH:  0    Dex: 11    Spells: 0 memorised, 6 levels left

rFire  . . .     SeeInvis .     y - +0 flail
rCold  . . .     Gourm    +     b - +0 animal skin
rNeg   . . .     Faith    .     (no shield)
rPois  .         Spirit   .     (helmet restricted)
rElec  .         Reflect  .     (no cloak)
rCorr  .         Harm     .     (gloves unavailable)
MR     .....                    (boots unavailable)
Stlth  +.........               (no amulet)
                                (no ring)
                                (no ring)

@: exhausted, slowed, very slow
A: unfitting armour, claws 3, fast metabolism 3, gourmand, regeneration 1,
shaggy fur 1, tough skin 2
a: Berserk, Trog's Hand, Burn Spellbooks, Renounce Religion


You were on level 4 of the Dungeon.
You worshipped Trog.
Trog was most pleased with you.
You were very full.

You visited 1 branch of the dungeon, and saw 4 of its levels.

You collected 160 gold pieces.

Inventory:

Hand Weapons
 a - a +0 mace
 y - a +0 flail (weapon)
Armour
 b - a +0 animal skin (worn)
Wands
 w - a wand of lightning (8/15)
Scrolls
 d - 2 scrolls of teleportation
 l - a scroll of magic mapping
 u - a scroll of fear {unknown}
Potions
 e - a potion of lignification
 f - a potion of heal wounds {unknown}
 h - a potion of degeneration {unknown}
 i - a potion of ambrosia {unknown}
 j - 2 potions of curing {unknown}
 n - a potion of mutation {unknown}
 s - a potion of beneficial mutation {unknown}
 t - 2 potions of might {unknown}
 v - a potion of agility
Comestibles
 c - 4 bread rations
 k - a meat ration
 m - 2 fruits
 q - a slice of pizza
 x - 2 chunks of flesh


   Skills:
 - Level 2.5 Fighting
 + Level 7.2 Maces & Flails
 - Level 2.5 Dodging


You had 6 spell levels left.
You didn't know any spells.

Dungeon Overview and Level Annotations

Branches:
Dungeon (4/15)
 Temple: D:4-7

Altars:
Elyvilon
Kikubaaqudgha


Innate Abilities, Weirdness & Mutations

You are too large for most types of armour.
You have claws for hands.
Your metabolism is lightning-fast.
You like to eat raw meat.
Your natural rate of healing is unusually fast.
You are covered in fur. (AC +1)
You have very tough skin. (AC +2)


Message History

The bullfrog hits you. The iguana bites you!
* * * LOW HITPOINT WARNING * * *
The quokka skeleton bites you.
* * * LOW HITPOINT WARNING * * *
You closely miss the bullfrog.
The bullfrog is almost dead.
The bullfrog closely misses you.
The iguana bites you but does no damage.
The quokka skeleton bites you.
* * * LOW HITPOINT WARNING * * *
You closely miss the bullfrog.
The bullfrog is almost dead.
You are no longer berserk.
You are exhausted.
You feel yourself slow down. The bullfrog hits you.
* * * LOW HITPOINT WARNING * * *
The bullfrog hits you!
* * * LOW HITPOINT WARNING * * *
The bullfrog barely misses you. The iguana bites you!
You die...

. .[##### #
.......#####.###
................
#....ZFl....#
#.....@#.####
#......#.#
##...#.#.#
#......#.# .....
..#.#
##.....##.. ##.
.# .. ##.#


You could see a bullfrog, an iguana and a quokka skeleton.

Vanquished Creatures
  Sigmund (D:3)
  The ghost of dscm the Sneak, a weakling OpEE (D:4)
  A hound (D:3)
  2 orc priests (D:3)
  Natasha (thrice) (D:2)
  An orc wizard (D:3)
  4 adders
  6 worms
  5 dart slugs
  The ghost of dscm the Sneak, a weakling OpEE (D:3)
  2 leopard geckos
  4 orcs (D:3)
  5 giant cockroaches
  7 goblins
  5 hobgoblins
  3 jackals (D:2)
  4 quokkas
  A ball python (D:2)
  8 bats
  5 frilled lizards
  7 kobolds
  6 rats
82 creatures vanquished.

Vanquished Creatures (others)
  A human (D:2)
1 creature vanquished.

Grand Total: 83 creatures vanquished

Notes
Turn   | Place    | Note
-------+----------+-------------------------------------------
     0 | D:1      | ponk the Troll Berserker began the quest for the Orb.
     0 | D:1      | Reached XP level 1. HP: 22/22 MP: 0/0
   125 | D:1      | Reached skill level 3 in Maces & Flails
   161 | D:1      | Reached XP level 2. HP: 29/29 MP: 1/1
   758 | D:2      | Reached XP level 3. HP: 36/36 MP: 2/2
   888 | D:2      | Reached ** piety under Trog
   974 | D:2      | Reached skill level 4 in Maces & Flails
  1238 | D:2      | Noticed Natasha
  1249 | D:2      | Killed Natasha
  1249 | D:2      | Reached XP level 4. HP: 19/44 MP: 3/3
  1315 | D:2      | Found an ancient bone altar of Kikubaaqudgha.
  1316 | D:2      | Noticed a human
  1318 | D:2      | Killed a human
  1433 | D:2      | Noticed Natasha
  1437 | D:2      | Killed Natasha
  1444 | D:2      | Reached skill level 5 in Maces & Flails
  1679 | D:2      | Noticed Natasha
  1687 | D:2      | Killed Natasha
  1687 | D:2      | Reached XP level 5. HP: 43/50 MP: 4/4
  2125 | D:3      | Reached *** piety under Trog
  2125 | D:3      | Reached skill level 6 in Maces & Flails
  2125 | D:3      | Reached XP level 6. HP: 51/59 MP: 5/5
  2261 | D:3      | Noticed dscm's ghost (weakling OpEE)
  2266 | D:3      | Killed dscm's ghost
  2553 | D:3      | Found a white marble altar of Elyvilon.
  2920 | D:4      | Noticed Sigmund
  2920 | D:4      | Noticed dscm's ghost (weakling OpEE)
  2936 | D:3      | Killed Sigmund
  2936 | D:3      | Reached skill level 7 in Maces & Flails
  3083 | D:4      | Killed dscm's ghost
  3083 | D:4      | Reached XP level 7. HP: 47/66 MP: 6/6
  3088 | D:4      | Slain by an iguana

Skill      XL: |  1  2  3  4  5  6 |
---------------+-------------------+-----
Maces & Flails | 3 4 5 6 7 |  7.2
Fighting       | |  2.5
Dodging        | |  2.5

Action                   |  1- 3 |  4- 6 |  7- 9 || total
-------------------------+-------+-------+-------++-------
Melee: Mace              |   152 |   142 |       ||   294
       Flail             |       |    20 |     4 ||    24
Invok: Berserk           |       |     5 |       ||     5
  Use: Scroll            |       |     7 |       ||     7
 Stab: Sleeping          |     2 |     1 |       ||     3
  Eat: Chunk             |    17 |    21 |       ||    38
Armor: Animal skin       |    77 |    69 |     3 ||   149
Dodge: Dodged            |    99 |   102 |     3 ||   204
